 Dungeon Crawl Stone Soup version 0.30-a0-728-gc68057be0a (webtiles) character file.

Game seed: 11428304526037103871

106 brightshaft the Sneak (level 4, -1/39 HPs)
             Began as an Armataur Brigand on Jan 30, 2023.
             Slain by Sigmund
             ... wielding a +4 scythe of protection
              (9 damage)
             ... on level 3 of the Dungeon.
             The game lasted 00:03:39 (1950 turns).

brightshaft the Sneak (Armataur Brigand)            Turns: 1950, Time: 00:03:40

Health: -1/39      AC:  7    Str: 17    XL:     4   Next: 55%
Magic:  4/4        EV: 10    Int: 11    God:
Gold:   36         SH:  0    Dex: 13    Spells: 3/3 levels left

rFire   . . .      SeeInvis .    g - +2 dagger (elec)
rCold   . . .      Faith    .    (no shield)
rNeg    . . .      Spirit   .    b - +0 robe
rPois   .          Reflect  .    i - +1 helmet
rElec   .          Harm     .    c - +0 cloak
rCorr   .          Roll     +    (no gloves)
Will    .....                    (no barding)
Stlth   +++                      (no amulet)
HPRegen 0.26/turn                (no ring)
MPRegen 0.09/turn                (no ring)

@: no status effects
A: large, rugged brown scales 3, deformed body, armoured tail, roll, long
tongue, awkward tongue
a: no special abilities


You were on level 3 of the Dungeon.
You visited 1 branch of the dungeon, and saw 3 of its levels.

You collected 99 gold pieces.
You spent 63 gold pieces at shops.

Inventory:

Hand Weapons
 a - a +2 dagger
 g - a +2 dagger of electrocution (weapon)
Missiles
 d - 17 poisoned darts (quivered)
 e - 3 curare-tipped darts
Armour
 b - a +0 robe (worn)
 c - a +0 cloak (worn)
 i - a +1 helmet (worn)
 l - a +0 leather armour
 s - a scarf of repulsion
Scrolls
 h - a scroll of blinking {unknown}
 j - 2 scrolls of teleportation {unknown}
 k - 3 scrolls of fear {unknown}
 n - a scroll of enchant weapon {unknown}
 q - a scroll of silence {unknown}
 r - 2 scrolls of identify {unknown}
 t - 2 scrolls of poison {unknown}
Potions
 f - a potion of mutation {unknown}
 m - a potion of flight {unknown}
 o - 2 potions of heal wounds {unknown}


   Skills:
 + Level 2.4 Fighting
 * Level 3.0 Short Blades
 - Level 1.7 Throwing
 + Level 1.5 Dodging
 + Level 5.0 Stealth


You had 3 spell levels left.
You didn't know any spells.
Your spell library was empty.

Dungeon Overview and Level Annotations

Branches:
Dungeon (3/15)

Altars:

Shops:
D:2 [

Annotations:
D:3 Sigmund


Innate Abilities, Weirdness & Mutations

You are completely covered in rugged brown scales. (AC +3, +7% HP)
Armour fits poorly on your strangely shaped body.
You have a long armoured tail.
You roll when moving toward enemies. (Rampage)
Your long tongue fully drains potion bottles. (2x potion effects)
Your tongue gives you trouble enunciating. (1.5x scroll delay)


Message History

The ball python barely misses you. x2
You hit the ball python.
Lightning courses through the ball python!!
You kill the ball python!
You barely miss the giant cockroach.
The giant cockroach bites you but does no damage.
You closely miss the giant cockroach. Something hits you but does no damage.
The giant cockroach bites you but does no damage.
You barely miss the giant cockroach. The giant cockroach barely misses you.
You hit the giant cockroach.
Lightning courses through the giant cockroach!!
You kill the giant cockroach!
You hear some strange, mumbled words.
Something tries to affect you, but you resist.
Something hits you!
You see here a ball python corpse.
You hit something but do no damage. Something hits you.
You hit something. You miss something. Something hits you!
* * * LOW HITPOINT WARNING * * *
You miss something.
Your tail-slap misses something.
You hit something. Something hits you.
* * * LOW HITPOINT WARNING * * *
Okay, then.
Throw: 18 darts (poison)
Press: ? - help, Q - select action, (/) - cycle Shift-Dir - straight line, f - you Really target yourself? [Y]es or [N]o only, please.
Really target yourself? [Y]es or [N]o only, please.
Really target yourself?
Okay, then.
Throw: 18 darts (poison)
Press: ? - help, Q - select action, (/) - cycle Shift-Dir - straight line You throw a poisoned dart.
You hit something but do no damage. You tail-slap something!
Something hits you but does no damage.
You closely miss something.
Your tail-slap misses something.
Something hits you!
You die...

...##.)....).........
...##.)..............
)..<.#................ ...#
...................#.. ...#
...####...##.#.###.#.#....#
..## #.#......# ..#....#
.## #..#.....# ......# ##
##.##....#### ......#
#........@{##......#
###.....##.........#
#.....###.#......)
#####.....#......#
####..#......# ####......#
#######


There were no monsters in sight!

Vanquished Creatures
  Robin (D:3)
  2 adders (D:2)
  2 worms (D:2)
  3 dart slugs
  An orc (D:3)
  2 bats
  4 endoplasms
  3 giant cockroaches
  15 goblins
  4 hobgoblins
  2 quokkas
  7 ball pythons
  4 frilled lizards
  5 kobolds (D:1)
  5 rats
60 creatures vanquished.

Vanquished Creatures (others)
  A goblin (D:3)
1 creature vanquished.

Grand Total: 61 creatures vanquished

Notes
Turn   | Place    | Note
-------+----------+-------------------------------------------
     0 | D:1      | brightshaft the Armataur Brigand began the quest for the
                  | Orb.
     0 | D:1      | Reached XP level 1. HP: 18/18 MP: 1/1
   135 | D:1      | Reached XP level 2. HP: 18/25 MP: 2/2
   269 | D:1      | Reached skill level 1 in Dodging
   572 | D:1      | Reached XP level 3. HP: 31/31 MP: 3/3
  1012 | D:2      | Found Ucvewogg's Armour Shop.
  1022 | D:2      | Bought a +0 helmet for 63 gold pieces
  1550 | D:3      | Reached XP level 4. HP: 38/38 MP: 4/4
  1556 | D:3      | Noticed Robin
  1747 | D:3      | Killed Robin
  1755 | D:3      | Reached skill level 5 in Stealth
  1927 | D:3      | Noticed Sigmund
  1950 | D:3      | Slain by Sigmund

Illustrated notes

Levels and vault maps discovered:
D:1:      minmay_arrival_radiant_lines, layout_basic
D:2:      layout_loops_ring, serial_rivers, chequers_serial_rivers_micro_b,
          chequers_serial_rivers_large_b, chequers_serial_rivers_micro_c,
          chequers_serial_rivers_micro_c, chequers_serial_rivers_micro_a,
          serial_shops, nicolae_shop_crystal
D:3:      layout_rooms, uniq_sigmund, uniq_terence, uniq_robin

Skill      XL: |  1  2  3  4 |
---------------+-------------+-----
Short Blades   | 2 3 |  3.0
Fighting       | 2 |  2.4
Dodging        | 1 |  1.5
Stealth        | 5 |  5.0
Throwing       | |  1.7

Action                     |  1- 3 |  4- 6 || total
---------------------------+-------+-------++-------
  Melee: Dagger            |    82 |    55 ||   137
         Tailslap          |     5 |     6 ||    11
         Punch             |     1 |       ||     1
  Throw: Dart              |       |     1 ||     1
    Use: Potion            |       |     2 ||     2
   Stab: Sleeping          |    13 |       ||    13
 Armour: Robe              |    24 |    50 ||    74
  Dodge: Dodged            |    30 |    55 ||    85

Table legend: (Time is in decaauts)
 A = Elapsed time spent in this place.
 B = Non-inter-level travel time spent in this place.
 C = Inter-level travel time spent in this place.
 D = Time resting spent in this place.
 E = Time spent auto-exploring this place.
 F = Levels seen in this place.
 G = Mean time per level.
                   A        B        C        D        E       F      G
               +--------+--------+--------+--------+--------+-----+--------+
         Total |   1931 |   1843 |     88 |      0 |   1457 |   3 |  643.7 |
       Dungeon |   1931 |   1843 |     88 |      0 |   1457 |   3 |  643.7 |
               +--------+--------+--------+--------+--------+-----+--------+

Top non-repeatable levels by time:
     D:2: 977 daAuts
     D:1: 703 daAuts
     D:3: 250 daAuts
